 Dungeon Sprint DCSS version 0.21.0-24-g2553a33 (webtiles) character file.

11300000 letownia2 the Axe Maniac (level 27, -15/323 HPs)
             Began as a Demonspawn Fighter on Jan 21, 2018.
             Was the Champion of Makhleb.
             Killed by the air
             ... invoked by a tyrant
              (44 damage)
             ... in the Dungeon (Sprint VIII: "Arena of Blood").
             The game lasted 00:05:36 (113 turns).

letownia2 the Axe Maniac (Demonspawn Fighter)        Turns: 113, Time: 00:05:37

Health: -15/323    AC: 17    Str: 21    XL:     27
Magic:  54/54      EV: 40    Int: 14    God:    Makhleb [******]
Gold:   0          SH:  0    Dex: 27    Spells: 80/80 levels left

rFire    + . .     SeeInvis +   l - +∞ Axe of Woe
rCold    . . .     Gourm    .   (shield currently unavailable)
rNeg     . . .     Faith    .   b - +0 scale mail
rPois    .         Spirit   .   (helmet unavailable)
rElec    +         Reflect  .   (no cloak)
rCorr    .         Harm     .   (no gloves)
MR       ++...     NoTele   +   (no boots)
Stlth    +++++++++.             (no amulet)
HPRegen  0.63/turn              m - ring of protection from fire
MPRegen  0.34/turn              (no ring)

@: mighty, agile, marked
A: antennae 3, thin metallic scales 3, demonic guardian 3, powered by pain 3,
robust 3
a: Minor Destruction, Lesser Servant of Makhleb, Major Destruction, Greater
Servant of Makhleb, Renounce Religion


You were in the Dungeon.
You worshipped Makhleb.
Makhleb was exalted by your worship.
You were not hungry.

You visited 1 branch

Inventory:

Hand Weapons
 a - a +0 war axe
 l - the +∞ Axe of Woe (weapon)
   (You found it in the Dungeon)
Armour
 b - a +0 scale mail (worn)
 c - a +0 shield
Jewellery
 m - a ring of protection from fire (left hand)
Scrolls
 k - a scroll of blinking
Potions
 d - a potion of might
 e - a potion of curing
 g - a potion of heal wounds
 h - a potion of haste
 i - 2 potions of magic
 j - a potion of berserk rage
Comestibles
 f - a ration


   Skills:
 O Level 27 Fighting
 O Level 27 Axes
 O Level 27 Throwing
 O Level 27 Armour
 O Level 27 Dodging
 O Level 27 Stealth
 O Level 27 Shields
 O Level 27 Unarmed Combat
 O Level 27 Spellcasting
 O Level 27 Invocations


You had 80 spell levels left.
You didn't know any spells.

Dungeon Overview and Level Annotations

Branches:
Dungeon (1/1)

Altars:
Makhleb


Innate Abilities, Weirdness & Mutations

You have a pair of large antennae on your head. (SInv)
You are completely covered in thin metallic scales. (AC +4, rElec)
A powerful demonic guardian rushes to your aid.
You are powered by pain.
You are extremely robust. (+30% HP)


Message History

The observer convulses!
The meat berserker convulses!
The bag of meat convulses!
The meat berserker convulses!
The bag of meat convulses! x2; The meat berserker convulses! x2
The bag of meat convulses! x3; The eight-headed meat hydra convulses!
The meat berserker convulses!
The bag of meat convulses!
The large bag of meat convulses!
Your body is wracked with pain!
* * * LOW HITPOINT WARNING * * *
The bag of meat convulses! x2; The meat berserker convulses!
The tyrant casts a spell.
The tyrant seems to speed up.
You hear a shout!
Two crawling corpses merge to form a small abomination.
The meat berserker rages.
The accursed casts a spell at you. Something smites you!
* * * LOW HITPOINT WARNING * * *
A crawling corpse merges with a large abomination.
The tyrant waves its bony arms in wide circles.
The air twists around and strikes you!
You die...

# #### .= ....#### ..{{
......####
##M#####......####
zL.....2........####
##o##O)......).......###
ooXX2.X@))XM))))........
OX#L#.))zM.)#..{).....%%
o.VzOO.O.####.{{.......
OXOXx2xxLLxM{.......%...
zooOoLSD.O.O..%..#x)....
oo2oXGzX..MWW....z).§... ..
oOooMX.Xx........#)X))). #.
M..DL#..M.M...o.....§x)§
#.......#.....%.....##.o)))


You could see 9 accurseds, a tentacled monstrosity, 3 meat beasts, 6 tyrants, 2
eight-headed meat hydras, a destroyer, an observer (invisible), a scourge, 5
sculptors of flesh, 2 large bags of meat, 10 large abominations, 2 dreads, 9
meat berserkers, 2 small abominations, 13 bags of meat, 3 crawling corpses and a
friendly reaper.

Vanquished Creatures
  Sigmund (D)
  16 hell beasts (D)
  3 greater mummies (D)
  3 great orbs of eyes (D)
  4 wraiths (D)
  13 vampire knights (D)
  46 ogres (D)
  10 two-headed ogres (D)
  A lich (D)
  A hydra (D)
  77 orcs (D)
  3 phantoms (D)
  2 skeletal warriors (D)
  A sea snake (D)
  2 large abominations (D)
  8 small abominations (D)
  6 crawling corpses (D)
197 creatures vanquished.

Vanquished Creatures (collateral kills)
  An orc (D)
1 creature vanquished.

Vanquished Creatures (others)
  10 crawling corpses (D)
10 creatures vanquished.

Grand Total: 208 creatures vanquished

Notes
Turn   | Place    | Note
-------+----------+-------------------------------------------
     0 | D        | Found the +∞ Axe of Woe
     0 | D        | letownia2 the Demonspawn Fighter began the quest for the Orb.
     0 | D        | Reached XP level 1. HP: 18/18 MP: 1/1
     2 | D        | Noticed a bag of meat
     4 | D        | Noticed a bag of meat
     4 | D        | Noticed a bag of meat
     4 | D        | Noticed a meat berserker
     5 | D        | Noticed a meat berserker
     7 | D        | Killed a meat berserker
     7 | D        | Reached skill level 10 in Axes
     7 | D        | Gained mutation: A weak demonic guardian rushes to your aid. [demonic ancestry]
     7 | D        | Reached XP level 2. HP: 49/49 MP: 2/2
     7 | D        | Gained mutation: You sometimes gain a little power by taking damage. [demonic ancestry]
     7 | D        | Reached XP level 3. HP: 55/55 MP: 3/3
     7 | D        | Gained mutation: You sometimes gain power by taking damage. [demonic ancestry]
     7 | D        | Reached XP level 4. HP: 63/63 MP: 4/4
     7 | D        | Gained mutation: You have a pair of small antennae on your head. [demonic ancestry]
     7 | D        | Reached XP level 5. HP: 69/69 MP: 5/5
     7 | D        | Gained mutation: You have a pair of antennae on your head. [demonic ancestry]
     7 | D        | Reached XP level 6. HP: 76/76 MP: 6/6
     7 | D        | Gained mutation: You are partially covered in thin metallic scales. (AC +2) [demonic ancestry]
     7 | D        | Reached XP level 7. HP: 83/83 MP: 7/7
     7 | D        | Gained mutation: You have a pair of large antennae on your head. (SInv) [demonic ancestry]
     7 | D        | Reached XP level 8. HP: 90/90 MP: 8/8
     7 | D        | Reached XP level 9. HP: 96/96 MP: 9/9
     7 | D        | Reached XP level 10. HP: 104/104 MP: 10/10
     7 | D        | Gained mutation: You are mostly covered in thin metallic scales. (AC +3) [demonic ancestry]
     7 | D        | Reached XP level 11. HP: 110/110 MP: 11/11
     7 | D        | Gained mutation: You are robust. (+10% HP) [demonic ancestry]
     7 | D        | Reached XP level 12. HP: 110/128 MP: 12/12
     7 | D        | Reached XP level 13. HP: 116/136 MP: 13/13
     7 | D        | Noticed a bag of meat
     8 | D        | Noticed a bag of meat
     8 | D        | Noticed a meat berserker
     8 | D        | Noticed a bag of meat
    10 | D        | Noticed a meat berserker
    10 | D        | Killed a meat berserker
    10 | D        | Reached XP level 14. HP: 64/144 MP: 14/14
    10 | D        | Killed a bag of meat
    11 | D        | Killed a meat berserker
    11 | D        | Gained mutation: You are very robust. (+20% HP) [demonic ancestry]
    11 | D        | Reached XP level 15. HP: 65/164 MP: 15/15
    12 | D        | Noticed a meat berserker
    12 | D        | Noticed a meat berserker
    12 | D        | Became a worshipper of Makhleb the Destroyer
    13 | D        | Gained mutation: You are completely covered in thin metallic scales. (AC +4, rElec) [demonic ancestry]
    13 | D        | Reached XP level 16. HP: 35/174 MP: 16/16
    13 | D        | Reached * piety under Makhleb
    14 | D        | Killed a meat berserker
    14 | D        | Reached skill level 27 in Axes
    14 | D        | Reached skill level 27 in Dodging
    14 | D        | Reached XP level 17. HP: 37/187 MP: 17/17
    14 | D        | Reached ** piety under Makhleb
    15 | D        | Killed a meat berserker
    15 | D        | Gained mutation: You are extremely robust. (+30% HP) [demonic ancestry]
    15 | D        | Reached XP level 18. HP: 141/227 MP: 18/18
    16 | D        | Killed a meat berserker
    16 | D        | Reached skill level 27 in Fighting
    17 | D        | Noticed a meat berserker
    17 | D        | Noticed a meat berserker
    18 | D        | Noticed a meat berserker
    18 | D        | Killed a meat berserker
    18 | D        | Reached *** piety under Makhleb
    18 | D        | Reached skill level 27 in Armour
    18 | D        | Gained mutation: A demonic guardian rushes to your aid. [demonic ancestry]
    18 | D        | Reached XP level 19. HP: 100/245 MP: 18/28
    21 | D        | Noticed a meat berserker
    21 | D        | Noticed a large bag of meat
    21 | D        | Noticed a large bag of meat
    21 | D        | Killed a meat berserker
    21 | D        | Reached skill level 15 in Invocations
    22 | D        | Noticed a meat berserker
    22 | D        | Noticed a meat berserker
    23 | D        | Noticed a meat berserker
    23 | D        | Noticed a meat berserker
    23 | D        | Noticed a meat berserker
    24 | D        | Killed a meat berserker
    24 | D        | Reached **** piety under Makhleb
    24 | D        | Reached XP level 20. HP: 226/256 MP: 19/37
    25 | D        | Killed a meat berserker
    25 | D        | Reached skill level 15 in Throwing
    25 | D        | Reached skill level 15 in Unarmed Combat
    25 | D        | Reached skill level 15 in Spellcasting
    26 | D        | Noticed a meat berserker
    26 | D        | Noticed a meat berserker
    26 | D        | Noticed a meat berserker
    27 | D        | Noticed a meat berserker
    27 | D        | Noticed a destroyer
    28 | D        | Noticed a meat berserker
    28 | D        | Killed a meat berserker
    29 | D        | Killed a meat berserker
    29 | D        | Reached ***** piety under Makhleb
    29 | D        | Reached XP level 21. HP: 265/265 MP: 20/43
    30 | D        | Noticed a large bag of meat
    30 | D        | Reached skill level 27 in Invocations
    30 | D        | Killed a large bag of meat
    30 | D        | Gained mutation: You are powered by pain. [demonic ancestry]
    30 | D        | Reached XP level 22. HP: 254/275 MP: 20/48
    30 | D        | Killed a large bag of meat
    30 | D        | Reached skill level 27 in Shields
    31 | D        | Reached ****** piety under Makhleb
    31 | D        | Reached skill level 27 in Stealth
    31 | D        | Reached XP level 23. HP: 284/284 MP: 20/53
    31 | D        | Reached skill level 27 in Throwing
    31 | D        | Reached skill level 27 in Unarmed Combat
    31 | D        | Reached skill level 27 in Spellcasting
    33 | D        | Noticed a destroyer
    34 | D        | HP: 13/284 [destroyer/+9 great sword of slicing (41)]
    35 | D        | Reached XP level 24. HP: 14/295 MP: 21/54
    35 | D        | Killed a destroyer
    37 | D        | Noticed a destroyer
    37 | D        | Killed a large bag of meat
    37 | D        | Gained mutation: A powerful demonic guardian rushes to your aid. [demonic ancestry]
    37 | D        | Reached XP level 25. HP: 255/304 MP: 46/54
    38 | D        | Noticed a destroyer
    38 | D        | Noticed a destroyer
    38 | D        | Noticed a destroyer
    39 | D        | Noticed a destroyer
    39 | D        | Killed a destroyer
    40 | D        | Noticed a destroyer
    40 | D        | Noticed a large bag of meat
    42 | D        | Noticed a large bag of meat
    43 | D        | Noticed a large bag of meat
    43 | D        | Noticed a destroyer
    45 | D        | Noticed a large bag of meat
    46 | D        | Killed a large bag of meat
    46 | D        | Killed a large bag of meat
    46 | D        | Reached XP level 26. HP: 262/314 MP: 54/54
    46 | D        | Killed a destroyer
    49 | D        | Noticed a large bag of meat
    51 | D        | Noticed a destroyer
    52 | D        | Noticed a large bag of meat
    52 | D        | Reached XP level 27. HP: 323/323 MP: 54/54
    56 | D        | Killed a destroyer
    57 | D        | Noticed an accursed
    57 | D        | Noticed an accursed
    58 | D        | Killed a destroyer
    61 | D        | Noticed a destroyer
    61 | D        | Killed a destroyer
    61 | D        | Killed a destroyer
    61 | D        | Killed a destroyer
    61 | D        | Killed a large bag of meat
    63 | D        | Killed a destroyer
    65 | D        | Noticed a dread
    65 | D        | Noticed a meat beast
    66 | D        | Killed a dread
    67 | D        | Killed a destroyer
    69 | D        | Killed a meat beast
    71 | D        | Noticed a large bag of meat
    71 | D        | Noticed a dread
    71 | D        | Killed an accursed
    71 | D        | Killed a large bag of meat
    73 | D        | Noticed a meat beast
    73 | D        | Killed an accursed
    75 | D        | Killed a dread
    76 | D        | Killed a large bag of meat
    76 | D        | Killed a large bag of meat
    77 | D        | Killed a meat beast
    79 | D        | Noticed a destroyer
    79 | D        | Killed a destroyer
    81 | D        | Noticed a dread
    81 | D        | Noticed a meat beast
    82 | D        | Noticed The Captor
    83 | D        | Noticed a meat beast
    83 | D        | Noticed an accursed
    84 | D        | Killed a meat beast
    85 | D        | Noticed a meat beast
    87 | D        | Killed a meat beast
    89 | D        | Killed a large bag of meat
    89 | D        | Killed a meat beast
    93 | D        | Noticed a tyrant
    94 | D        | Killed an accursed
    94 | D        | Killed a destroyer
    96 | D        | Noticed a meat beast
    96 | D        | Noticed a meat beast
    96 | D        | Noticed a meat beast
    96 | D        | Noticed an accursed
    96 | D        | Killed The Captor
    97 | D        | Noticed an accursed
    97 | D        | Killed a tyrant
    98 | D        | Noticed a tyrant
    99 | D        | Noticed a meat beast
    99 | D        | Noticed a tyrant
    99 | D        | Killed a meat beast
    99 | D        | Killed a dread
   100 | D        | Noticed a meat beast
   101 | D        | Noticed a destroyer
   101 | D        | Noticed a meat beast
   101 | D        | Noticed a meat beast
   101 | D        | Noticed a meat beast
   101 | D        | Killed a meat beast
   101 | D        | Killed a meat beast
   102 | D        | Noticed a destroyer
   102 | D        | Noticed a tyrant
   103 | D        | Noticed an accursed
   103 | D        | Noticed a meat beast
   104 | D        | Noticed an accursed
   104 | D        | Noticed a dread
   104 | D        | Noticed a tyrant
   104 | D        | Noticed an accursed
   104 | D        | Killed a meat beast
   105 | D        | Noticed a tyrant
   105 | D        | Noticed an accursed
   105 | D        | Killed a meat beast
   105 | D        | Killed a destroyer
   106 | D        | Noticed a meat beast
   106 | D        | Noticed a meat beast
   107 | D        | Noticed a meat beast
   107 | D        | Killed a meat beast
   108 | D        | Noticed a dread
   108 | D        | Killed a meat beast
   108 | D        | Killed a meat beast
   109 | D        | Noticed a meat beast
   109 | D        | Noticed an accursed
   109 | D        | Noticed a large bag of meat
   109 | D        | Killed a dread
   110 | D        | Noticed a dread
   111 | D        | Noticed a meat beast
   111 | D        | Killed a meat beast
   111 | D        | Killed a meat beast
   112 | D        | Killed a meat beast
   113 | D        | Noticed an accursed
   113 | D        | Noticed a tyrant
   113 | D        | Killed from afar by a tyrant

Skill      XL: |  1  2  3  4  5  6  7  8  9 10 11 12 13 14 15 16 17 18 19 20 21 22 23 |
---------------+----------------------------------------------------------------------+-----
Fighting       | 18 20 24 27 | 27.0
Axes           | 10 17 22 24 27 | 27.0
Armour         | 16 18 23 27 | 27.0
Shields        | 16 17 20 23 26 27 | 27.0
Dodging        | 14 20 23 27 | 27.0
Throwing       | 6 13 18 22 26 27 | 27.0
Stealth        | 7 14 20 24 27 | 27.0
Unarmed Combat | 6 13 18 22 26 27 | 27.0
Spellcasting   | 6 13 18 22 26 27 | 27.0
Invocations    | 9 18 24 27 | 27.0

Action                   |  1- 3 |  4- 6 |  7- 9 | 10-12 | 13-15 | 16-18 | 19-21 | 22-24 | 25-27 || total
-------------------------+-------+-------+-------+-------+-------+-------+-------+-------+-------++-------
Melee: Executioner's axe |     1 |       |       |       |     3 |     4 |     7 |     4 |    42 ||    61
 Stab: Confused          |       |       |       |       |       |       |       |       |     1 ||     1
Armor: Scale mail        |       |       |       |       |       |       |       |     1 |    10 ||    11
Dodge: Dodged            |       |       |       |       |     1 |       |       |     1 |    30 ||    32
